 Dungeon Crawl Stone Soup version 0.25-a0-668-gea548f19b6 (webtiles) character file.

Game seed: 1761706159113527301, levelgen mode: deterministic

269020 Mehrunes the Eclecticist (level 19, -5/110 HPs)
             Began as a Deep Elf Conjurer on Mar 27, 2020.
             Was an Initiate of Gozag.
             Slain by an eldritch tentacle (8 damage)
             ... on level 1 of the Elven Halls on Mar 28, 2020.
             The game lasted 03:25:03 (52720 turns).

Mehrunes the Eclecticist (Deep Elf Conjurer)       Turns: 52720, Time: 03:25:03

Health: -5/110     AC: 10    Str:  7    XL:     19   Next: 39%
Magic:  32/53      EV: 25    Int: 31    God:    Gozag
Gold:   2704       SH: 11    Dex: 17    Spells: 1/52 levels left

rFire    + . .     SeeInvis .   G - staff of power
rCold    . . .     Gourm    .   k - +0 kite shield
rNeg     . . .     Faith    .   e - +2 robe of the Modern People {rF+ MR+ Regen+ Dex-2}
rPois    +         Spirit   .   R - +2 helmet
rElec    +         Reflect  .   p - +1 cloak
rCorr    +         Harm     .   (no gloves)
MR       +++..                  A - +0 pair of boots
Stlth    ++........             Z - amulet of magic regeneration
HPRegen  0.68/turn              d - ring of protection from magic
MPRegen  0.58/turn              r - ring "Saicapeu" {rElec rPois rCorr Dex+2}

@: deflect missiles
A: agile 1, clever 1, low mp 1, strong 1, sturdy frame 1
}: 2/15 runes: serpentine, barnacled
a: Potion Petition, Call Merchant, Bribe Branch, Renounce Religion


You were on level 1 of the Elven Halls.
You worshipped Gozag.
Gozag was most pleased with you.
You were not hungry.

You visited 8 branches of the dungeon, and saw 34 of its levels.
You also visited: Ice Cave.

You collected 14052 gold pieces.
You spent 4098 gold pieces at shops.
You paid 7250 gold pieces to Gozag.

Inventory:

Hand Weapons
 a - the +1 war axe of Textedot {drain, +Fly rF+ Int+4 Stlth-}
   (You bought it in a shop on level 11 of the Dungeon)

   A truly terrible weapon, it drains the life of those it strikes.
   It affects your intelligence (+4).
   It protects you from fire.
   It lets you fly.
   It makes you less stealthy.
Armour
 e - the +2 robe of the Modern People (worn) {rF+ MR+ Regen+ Dex-2}
   (You bought it in a shop on level 13 of the Dungeon)

   It affects your dexterity (-2).
   It protects you from fire.
   It affects your resistance to hostile enchantments.
   It increases your rate of regeneration.
 f - a +3 buckler of cold resistance
 k - a +0 kite shield (worn)
 p - a +1 cloak (worn)
 A - a +0 pair of boots (worn)
 R - a +2 helmet (worn)
 U - a +0 ring mail
Magical Staves
 G - an uncursed staff of power (weapon)
 O - an uncursed staff of wizardry
Jewellery
 b - an uncursed ring of fire
 d - a ring of protection from magic (left hand)
 n - an uncursed ring of ice
 o - an uncursed ring of positive energy
 r - the ring "Saicapeu" (right hand) {rElec rPois rCorr Dex+2}
   (You bought it in a shop on level 10 of the Dungeon)

   [ring of resist corrosion]

   It affects your dexterity (+2).
   It insulates you from electricity.
   It protects you from poison.
   It provides partial protection from all sources of acid and corrosion.
 I - an uncursed ring of see invisible
 K - an uncursed ring of poison resistance
 T - the ring "Quret" {+Inv +Fly rElec rC++ Int-2}
   (You found it on level 2 of the Lair of Beasts)

   [ring of flight]

   It affects your intelligence (-2).
   It greatly protects you from cold.
   It insulates you from electricity.
   It lets you turn invisible.
   It lets you fly.
 Z - an amulet of magic regeneration (around neck)
Wands
 m - a wand of acid (33)
 B - a wand of random effects (25)
 D - a wand of paralysis (15)
 H - a wand of polymorph (8)
 J - a wand of digging (16)
 Y - a wand of iceblast (22)
Scrolls
 g - 11 scrolls of remove curse
 l - 19 scrolls of teleportation
 q - 7 scrolls of fear
 u - 5 scrolls of immolation
 x - 2 scrolls of torment
 y - a scroll of brand weapon
 z - 7 scrolls of enchant weapon
 C - 6 scrolls of amnesia
 E - 4 scrolls of identify
 F - a scroll of random uselessness
 N - 2 scrolls of enchant armour
 Q - 5 scrolls of magic mapping
 W - 5 scrolls of fog
 X - a scroll of vulnerability {unknown}
Potions
 h - 2 potions of haste
 i - 2 potions of ambrosia {unknown}
 j - 5 potions of lignification
 s - 7 potions of brilliance
 t - a potion of magic
 v - 15 potions of curing
 w - a potion of flight
 L - a potion of resistance
 M - 2 potions of might
 S - a potion of berserk rage
 V - 4 potions of stabbing
Miscellaneous
 P - 2 phantom mirrors
Comestibles
 c - 24 rations


   Skills:
 - Level 9.2 Fighting
 - Level 17.2 Dodging
 - Level 2.4 Stealth
 * Level 11.1 Shields
 - Level 17.3 Spellcasting
 - Level 14.1 Conjurations
 - Level 4.0 Hexes
 - Level 11.0 Charms
 + Level 4.1 Summonings
 - Level 4.1 Translocations
 - Level 13.9 Fire Magic
 - Level 7.9 Air Magic
 - Level 12.7 Earth Magic
 - Level 3.3 Evocations


You had one spell level left.
You knew the following spells:

 Your Spells              Type           Power        Failure   Level  Hunger
a - Magic Dart            Conj           ####         0%          1    None
b - Searing Ray           Conj           ######       0%          2    None
c - Fulminant Prism       Conj/Hex       ######....   1%          4    None
d - Iskenderun's Mystic   Conj/Tloc      ######..     1%          4    None
e - Blink                 Tloc           N/A          1%          2    None
f - Fireball              Conj/Fire      #######...   1%          5    None
g - Summon Butterflies    Summ           ######..     1%          1    None
h - Deflect Missiles      Chrm/Air       ######....   8%          6    #......
i - Orb of Destruction    Conj           #######...   6%          7    ####...
j - Iskenderun's Battles  Conj/Chrm      #######.     1%          5    None
k - Iron Shot             Conj/Erth      #######...   1%          6    #......
l - Swiftness             Chrm/Air       ######..     1%          2    None
m - Shadow Creatures      Summ           N/A          56%         6    #......

Your spell library contained the following spells:

 Spells                   Type           Power        Failure   Level  Hunger
 Foxfire                  Conj/Fire      ####         0%          1    None
 Apportation              Tloc           ######       1%          1    None
 Corona                   Hex            ######.      1%          1    None
 Infusion                 Chrm           ####         1%          1    None
 Shock                    Conj/Air       ####         1%          1    None
 Summon Small Mammal      Summ           ####         1%          1    None
 Animate Skeleton         Necr           N/A          2%          1    None
 Freeze                   Ice            ####         2%          1    None
 Pain                     Necr           ####         2%          1    None
 Sting                    Tmut/Pois      ####         2%          1    None
 Call Imp                 Summ           ######..     1%          2    None
 Ensorcelled Hibernation  Hex/Ice        #####.       1%          2    None
 Poisonous Vapours        Pois/Air       ######       1%          2    None
 Shroud of Golubria       Chrm/Tloc      ######       1%          2    None
 Slow                     Hex            ######..     1%          2    None
 Song of Slaying          Chrm           #######.     1%          2    None
 Call Canine Familiar     Summ           ######..     1%          3    None
 Conjure Flame            Conj/Fire      #######.     1%          3    None
 Dazzling Flash           Conj/Hex       ######       1%          3    None
 Ignite Poison            Fire/Tmut/Pois ######..     1%          3    None
 Inner Flame              Hex/Fire       ######..     1%          3    None
 Mephitic Cloud           Conj/Pois/Air  ######..     1%          3    None
 Ozocubu's Armour         Chrm/Ice       ######..     1%          3    None
 Spectral Weapon          Hex/Chrm       ######..     1%          3    None
 Static Discharge         Conj/Air       #######.     1%          3    None
 Airstrike                Air            ######....   1%          4    None
 Hailstorm                Conj/Ice       ######..     1%          4    None
 Sticky Flame             Conj/Fire      #######.     1%          4    None
 Bolt of Magma            Conj/Fire/Erth #######...   1%          5    None
 Lightning Bolt           Conj/Air       #######...   1%          5    None
 Starburst                Conj/Fire      #######...   1%          6    #......
 Cause Fear               Hex            ######....   4%          4    None
 Borgnjor's Vile Clutch   Necr/Erth      ######....   4%          5    None
 Silence                  Hex/Air        ######....   6%          5    None
 Frozen Ramparts          Ice            ####..       8%          3    None
 Vampiric Draining        Necr           ####......   8%          3    None
 Summon Ice Beast         Ice/Summ       #####...     11%         4    None
 Ring of Flames           Chrm/Fire      #######...   12%         7    ####...
 Summon Mana Viper        Hex/Summ       ######..     13%         5    None
 Animate Dead             Necr           N/A          26%         4    None
 Olgreb's Toxic Radiance  Pois           ####....     26%         4    None
 Yara's Violent Unravell  Hex/Tmut       #####.....   30%         5    None
 Spellforged Servitor     Conj/Summ      ######....   45%         7    ####...
 Agony                    Necr           ####....     56%         5    None
 Darkness                 Hex            ######....   58%         6    #......
 Summon Hydra             Summ           ######....   98%         7    ####...
 Discord                  Hex            ######....   100%        8    ######.
 Tornado                  Air            ######....   100%        9    #######


Dungeon Overview and Level Annotations

Branches:
Dungeon (15/15)            Temple (1/1) D:5            Lair (6/6) D:10
 Shoals (4/4) Lair:3        Snake (4/4) Lair:3        Slime (0/5) Lair:6
    Orc (2/2) D:11            Elf (1/3) Orc:2        Vaults (0/5) D:14
 Depths (1/5) D:15          IceCv (visited)

Altars:
Ashenzari
Cheibriados
Dithmenos
Elyvilon
Fedhas
Gozag
Hepliaklqana
Kikubaaqudgha
Makhleb
Nemelex Xobeh
Okawaru
Qazlal
Ru
Sif Muna
Trog
Uskayaw
Vehumet
Wu Jian
Xom
Yredelemnul
Zin
The Shining One
Beogh
Jiyva

Shops:
D:10 =}   D:11 (*(   D:13 ?*   Orc:1 (*[[=   Orc:2 [*?*   Shoals:1 :
Shoals:2 [   Snake:2 ?(

Annotations:
D:6 2 runed translucent doors
Lair:1 exclusion: oklob plant
Orc:1 1 runed translucent door, Pothriph's ghost, journeyman MiFi
Depths:1 the Enchantress


Innate Abilities, Weirdness & Mutations

You are agile. (Dex +2)
Your mind is acute. (Int +2)
Your magical capacity is low. (-10% MP)
Your muscles are strong. (Str +2)
Your movements are slightly less encumbered by armour. (ER -2)


Message History

You block the eldritch tentacle's attack.
The eldritch tentacle closely misses you.
Unknown command.
Casting: Iron Shot (safe; 1% risk of failure)
Confirm with . or Enter, or press ? or * to list all spells.
Aiming: Iron Shot (safe; 1% risk of failure)
Press: ? - help, Shift-Dir - straight line, f/p - eldritch tentacle
Aim: an eldritch tentacle (heavily damaged)
The iron shot hits the eldritch tentacle!!!
The eldritch tentacle is almost destroyed.
The eldritch tentacle slaps you!
You are engulfed in flames!
You resist. The eldritch tentacle claws you!!!
* * * LOW HITPOINT WARNING * * *
You feel your power leaking away.
The eldritch tentacle barely misses you. x2
The eldritch tentacle slaps you!!
* * * LOW HITPOINT WARNING * * *
You are engulfed in flames!
You resist.
You die...
Your body crumbles into a pile of gold.

###.###.###.#.#
#.............# #.##
##.##.########........#.#
###.# #.##.#....+.#......##.##
#...##
##.##.#...##v##...###.##
..##.###.##..#).##..####..#.##
..###...#....)..#.§*# #.#.##
..# #####.##(#..##<.# #.#.#
..# ##.###.#...##># #.#.# ####
..# #.## #.#..@w─$# ##.#.#
#.(( ### #.# #.##########..#.#
#... ## #.# ##......###.## #..
............#. ..###.#
......>..####. .#.#...
.............#≈ ### .#..###.
#.........####. #.# .#.# #
#.........# #≈ .#.#####.#.####
###........## #[


You could see an eldritch tentacle and a spatial vortex.

Vanquished Creatures
  A pearl dragon (Depths:1)
  A lich (Depths:1)
  Jorgrun (D:13)
  Rupert (Lair:5)
  Polyphemus (Shoals:2)
  Kirke (D:13)
  9 nagarajas
  An orc warlord (Orc:1)
  A spriggan defender (Depths:1)
  7 very ugly things
  3 stone giants (Depths:1)
  2 dire elephants (Lair:6)
  2 ettins (Depths:1)
  4 merfolk javelineers (Shoals:4)
  Snorg (D:11)
  8 merfolk impalers
  A deep elf death mage (Elf:1)
  A great orb of eyes (Depths:1)
  A blizzard demon (IceCv)
  2 yaktaur captains
  6 hydras
  An ice dragon (Shoals:1)
  Erolcha (D:10)
  7 anacondas
  14 naga warriors
  A spriggan air mage (Depths:1)
  6 merfolk avatars
  5 centaur warriors
  5 merfolk aquamancers
  Erica (D:11)
  2 ogre magi
  2 catoblepae
  11 two-headed ogres
  4 alligator snapping turtles
  A death knight (D:12)
  3 death yaks (Shoals:2)
  2 satyrs
  A queen ant (Lair:3)
  A deep troll shaman (D:15)
  3 tengu warriors
  An orc high priest (Orc:1)
  4 shock serpents
  A vampire mage (Depths:1)
  4 deep elf knights
  14 naga sharpshooters
  Sonja (D:11)
  A salamander mystic (Snake:3)
  A fire crab (Elf:1)
  2 iron trolls (D:15)
  12 sea snakes
  An unseen horror (D:11)
  3 skeletal warriors (D:14)
  2 deep trolls (D:15)
  A wizard (Depths:1)
  2 lindwurms (Elf:1)
  2 orc knights
  7 naga ritualists
  8 deep elf archers
  16 ugly things
  12 harpies
  5 mana vipers
  A wolf spider (D:15)
  3 oklob plants (Lair:5)
  15 orc sorcerers
  4 cyclopes
  15 fauns
  37 deep elf magi
  14 slime creatures
  9 manticores
  13 salamanders
  7 elephants
  7 guardian serpents
  25 naga magi
  8 merfolk sirens
  7 water nymphs
  2 ice statues (IceCv)
  32 black mambas
  2 molten gargoyles (Elf:1)
  2 gargoyles
  13 spiny frogs
  A kobold demonologist (D:13)
  3 freezing wraiths (D:12)
  6 yaktaurs
  13 ice devils (IceCv)
  6 komodo dragons
  2 tengu conjurers
  4 wind drakes
  35 merfolk
  A polar bear (Lair:6)
  5 trolls
  A hornet (D:11)
  4 snapping turtles (Shoals:4)
  11 hippogriffs
  3 saltlings (Elf:1)
  14 blink frogs
  Prince Ribbit (D:9)
  4 dream sheep (Shoals:3)
  A meliai zombie (D:10)
  4 air elementals (Elf:1)
  3 spriggans (Lair:6)
  3 wyverns
  6 wraiths
  A shadow (D:12)
  33 yaks
  9 water elementals
  6 hogs (D:13)
  A hog (shapeshifter) (D:15)
  A basilisk (Lair:2)
  2 fire elementals (Elf:1)
  4 hungry ghosts
  A steam dragon (D:12)
  A spatial vortex (Elf:1)
  40 nagas
  18 soldier ants
  3 insubstantial wisps (Elf:1)
  14 water moccasins
  6 wargs
  34 orc warriors
  7 porcupines
  A porcupine (shapeshifter) (Elf:1)
  Duvessa (D:4)
  3 black bears
  An ice beast (D:6)
  5 sky beasts
  3 phantoms
  A necrophage (D:14)
  8 ogres
  8 wolves
  27 centaurs
  4 boggarts (Depths:1)
  12 crocodiles
  2 big kobolds (D:13)
  2 earth elementals (Elf:1)
  Dowan (D:4)
  21 bullfrogs
  2 wyvern zombies
  5 scorpions
  A troll zombie (D:14)
  22 killer bees
  A vampire bat (D:5)
  4 wights (D:11)
  2 howler monkeys (D:8)
  A lava snake (Elf:1)
  8 crimson imps
  2 bullfrog zombies
  4 centaur zombies
  A quasit (D:12)
  16 orc priests
  5 hounds
  7 centaur skeletons
  A bullfrog skeleton (D:12)
  An iron imp (Depths:1)
  2 jellies
  40 orc wizards
  A human skeleton (D:14)
  4 iguanas
  4 human zombies (D:14)
  36 worker ants
  2 killer bee zombies
  A hound skeleton (D:6)
  A mummy (D:14)
  2 worker ant zombies
  Robin (D:2)
  7 gnolls
  11 adders
  5 shadow imps
  7 white imps (IceCv)
  3 ufetubi (IceCv)
  An ooze (D:3)
  3 adder skeletons
  3 worms
  3 dart slugs
  4 leopard geckos
  134 orcs
  3 ball pythons
  5 bats
  2 bat skeletons (D:5)
  4 bat zombies (D:5)
  5 giant cockroaches
  11 goblins
  9 hobgoblins
  15 jackals
  12 kobolds
  4 quokkas
  4 frilled lizards
  A jackal skeleton (D:5)
  An orc zombie (D:14)
  A quokka zombie (D:7)
  4 rats
  4 fungi
  15 plants
1312 creatures vanquished.

Vanquished Creatures (others)
  3 dancing weapons (Elf:1)
  A deep elf knight (Elf:1)
  A jumping spider (Elf:1)
  A fire elemental (Elf:1)
  2 white imps (IceCv)
  6 ufetubi (IceCv)
  26 fulminant prisms
  8 fungi
  21 plants
  4 toadstools (D:15)
73 creatures vanquished.

Grand Total: 1385 creatures vanquished

Notes
Turn   | Place    | Note
-------+----------+-------------------------------------------
     0 | D:1      | Mehrunes the Deep Elf Conjurer began the quest for the Orb.
     0 | D:1      | Reached XP level 1. HP: 10/10 MP: 6/6
   380 | D:1      | Reached XP level 2. HP: 15/15 MP: 5/8
   384 | D:1      | Learned a level 2 spell: Searing Ray
   938 | D:1      | Reached XP level 3. HP: 20/20 MP: 1/10
  1475 | D:2      | Noticed Robin
  1483 | D:2      | Killed Robin
  1953 | D:2      | Reached XP level 4. HP: 24/24 MP: 8/12
  2212 | D:3      | Reached skill level 1 in Shields
  2773 | D:3      | Reached skill level 5 in Spellcasting
  2773 | D:3      | Reached XP level 5. HP: 23/28 MP: 10/14
  2783 | D:3      | Learned a level 4 spell: Fulminant Prism
  2788 | D:3      | Learned a level 4 spell: Iskenderun's Mystic Blast
  3321 | D:4      | Noticed Duvessa
  3321 | D:4      | Noticed Dowan
  3355 | D:4      | Killed Duvessa
  3355 | D:4      | Reached skill level 1 in Hexes
  3355 | D:4      | Reached skill level 1 in Translocations
  3355 | D:4      | Reached XP level 6. HP: 19/33 MP: 3/15
  4102 | D:4      | Killed Dowan
  4312 | D:5      | Entered Level 5 of the Dungeon
  4348 | D:5      | Noticed a sky beast
  4353 | D:5      | Killed a sky beast
  4353 | D:5      | Reached skill level 5 in Dodging
  4425 | D:5      | Reached XP level 7. HP: 37/37 MP: 10/16
  4974 | D:5      | Found a staircase to the Ecumenical Temple.
  5026 | Temple   | Entered the Ecumenical Temple
  5097 | Temple   | Became a worshipper of Gozag Ym Sagoz the Greedy
  5140 | D:5      | Found an ancient bone altar of Kikubaaqudgha.
  5247 | D:5      | Reached skill level 1 in Fighting
  5677 | D:6      | Reached XP level 8. HP: 44/44 MP: 4/18
  6301 | D:6      | Found a large runed translucent door.
  6301 | D:6      | Found a large runed translucent door.
  6358 | D:6      | Found a large runed translucent door.
  6358 | D:6      | Found a large runed translucent door.
  6394 | D:6      | Learned a level 2 spell: Blink
  6542 | D:6      | Noticed a hippogriff
  6596 | D:6      | Killed a hippogriff
  7091 | D:7      | Reached skill level 5 in Conjurations
  7173 | D:7      | Noticed a hippogriff
  7203 | D:7      | Reached XP level 9. HP: 21/50 MP: 22/22
  7607 | D:7      | Found a hide-covered altar of Uskayaw.
  9294 | D:9      | Noticed Prince Ribbit
  9303 | D:9      | Killed Prince Ribbit
  9391 | D:9      | Reached XP level 10. HP: 51/56 MP: 25/25
  9516 | D:10     | Entered Level 10 of the Dungeon
  9540 | D:10     | Reached skill level 10 in Dodging
  9643 | D:10     | Learned a level 5 spell: Fireball
  9668 | D:10     | Found a staircase to the Lair.
  9706 | D:10     | Reached skill level 1 in Fire Magic
  9987 | D:10     | Noticed a two-headed ogre
 10071 | D:10     | Killed a two-headed ogre
 10312 | D:10     | Noticed Erolcha
 10690 | D:10     | Killed Erolcha
 10690 | D:10     | Reached XP level 11. HP: 46/60 MP: 18/26
 10711 | D:10     | Found Fodem's Gadget Shop.
 11572 | D:10     | Reached skill level 5 in Fire Magic
 11640 | Lair:1   | Entered Level 1 of the Lair of Beasts
 11951 | Lair:1   | Noticed an eight-headed hydra
 11962 | Lair:1   | Killed an eight-headed hydra
 11962 | Lair:1   | Reached skill level 10 in Conjurations
 12288 | Lair:1   | Noticed an oklob plant
 13208 | Lair:1   | Learned a level 1 spell: Summon Butterflies
 13846 | Lair:2   | Noticed an eight-headed hydra
 13863 | Lair:2   | Killed an eight-headed hydra
 13863 | Lair:2   | Reached skill level 10 in Spellcasting
 14572 | Lair:2   | Got a faintly glowing iron ring
 14574 | Lair:2   | Identified the ring "Quret" {+Inv +Fly rElec rC++ Int-2}
                  | (You found it on level 2 of the Lair of Beasts)
 14635 | Lair:2   | Found a glowing silver altar of Zin.
 15810 | Lair:3   | Noticed a queen ant
 15863 | Lair:3   | Reached XP level 12. HP: 61/66 MP: 12/28
 16103 | Lair:3   | Learned a level 6 spell: Deflect Missiles
 16158 | Lair:3   | Killed a queen ant
 16158 | Lair:3   | Reached skill level 1 in Charms
 16459 | Lair:3   | Noticed a seven-headed hydra
 16498 | Lair:2   | Killed a seven-headed hydra
 16498 | Lair:2   | Reached skill level 1 in Air Magic
 17231 | Lair:3   | Found a staircase to the Snake Pit.
 17528 | Lair:3   | Found a staircase to the Shoals.
 19228 | Lair:5   | Noticed Rupert
 19228 | Lair:5   | Noticed an eight-headed hydra
 19816 | D:11     | Learned a level 7 spell: Orb of Destruction
 19849 | D:11     | Noticed a centaur warrior
 20064 | D:11     | Killed a centaur warrior
 20328 | D:11     | Found Pisocug's Weapon Emporium.
 20396 | D:11     | Bought the +1 war axe of Textedot {drain, +Fly rF+ Int+4
                  | Stlth-} for 516 gold pieces
 20543 | D:11     | Learned a level 5 spell: Iskenderun's Battlesphere
 20618 | D:11     | Noticed Erica
 20630 | D:11     | Killed Erica
 20632 | D:11     | Found a staircase to the Orcish Mines.
 20637 | D:11     | Found Xoppiv's Weapon Boutique.
 21053 | D:11     | Noticed Snorg
 21053 | D:11     | Noticed Sonja
 21058 | D:11     | Killed Sonja
 21059 | D:11     | Killed Snorg
 21059 | D:11     | Reached XP level 13. HP: 72/72 MP: 16/32
 21805 | D:12     | Got a faintly humming robe
 21822 | D:12     | Identified the +0 robe of the Amoeba {rCorr Int-4 Dex+2
                  | Slay+2} (You found it on level 12 of the Dungeon)
 22456 | D:12     | You fall into a shaft and drop 1 floor!
 24105 | D:12     | Reached skill level 15 in Spellcasting
 25397 | D:13     | Found Wionecocee's Magic Scroll Emporium.
 25418 | D:13     | Reached skill level 5 in Charms
 25455 | D:13     | Noticed Jorgrun
 25463 | D:13     | Killed Jorgrun
 25728 | D:13     | Noticed Kirke
 25840 | D:13     | Reached skill level 5 in Air Magic
 25840 | D:13     | Reached XP level 14. HP: 76/76 MP: 20/35
 25956 | D:13     | Killed Kirke
 26526 | D:13     | Reached skill level 10 in Charms
 26779 | D:13     | Bought the +2 robe of the Modern People {rF+ MR+ Regen+
                  | Dex-2} for 365 gold pieces
 27147 | D:14     | Learned a level 6 spell: Iron Shot
 27359 | D:14     | Reached skill level 1 in Earth Magic
 27586 | D:14     | Reached skill level 5 in Fighting
 27789 | D:14     | Found a gate to the Vaults.
 28046 | D:14     | Found an ancient bone altar of Kikubaaqudgha.
 28497 | D:15     | Entered Level 15 of the Dungeon
 29338 | D:15     | Found a staircase to the Depths.
 29956 | Orc:1    | Entered Level 1 of the Orcish Mines
 29956 | Orc:1    | Found Fac Vap's Assorted Antiques.
 29962 | Orc:1    | Reached XP level 15. HP: 84/84 MP: 15/36
 30163 | Orc:1    | Found Uciachif's Armour Shop.
 30222 | Orc:1    | Found Vuuseps's Antique Weapon Shop.
 30247 | Orc:1    | Found a roughly hewn altar of Beogh.
 30248 | Orc:1    | Found Woymem's Jewellery Shop.
 30296 | Orc:1    | Found a runed translucent door.
 30303 | Orc:1    | Noticed an orc warlord
 30353 | Orc:1    | Found Plog's Armour Boutique.
 30508 | Orc:1    | Killed an orc warlord
 30912 | Orc:1    | Noticed Pothriph's ghost (journeyman MiFi)
 31134 | Orc:2    | Entered Level 2 of the Orcish Mines
 31201 | Orc:2    | Reached skill level 5 in Earth Magic
 31470 | Orc:1    | Bought a ration for 60 gold pieces
 31470 | Orc:1    | Bought a ration for 60 gold pieces
 31470 | Orc:1    | Bought a ration for 60 gold pieces
 31470 | Orc:1    | Bought a ration for 60 gold pieces
 31470 | Orc:1    | Bought a ration for 60 gold pieces
 31470 | Orc:1    | Bought a ration for 60 gold pieces
 31470 | Orc:1    | Bought a ration for 60 gold pieces
 31470 | Orc:1    | Bought a ration for 60 gold pieces
 31470 | Orc:1    | Bought a ration for 60 gold pieces
 31470 | Orc:1    | Bought a ration for 60 gold pieces
 31724 | Orc:2    | Found a roughly hewn altar of Beogh.
 31889 | Orc:2    | Found Anoti's Assorted Antiques.
 32081 | Orc:2    | Found a roughly hewn altar of Beogh.
 32394 | Orc:2    | Noticed an orc warlord
 32594 | Orc:2    | Found Kuckevoh's Food Shop.
 32594 | Orc:2    | Found Qaovy's Magic Scroll Shoppe.
 32599 | Orc:2    | Bought a ration for 55 gold pieces
 32599 | Orc:2    | Bought a ration for 55 gold pieces
 32599 | Orc:2    | Bought a ration for 55 gold pieces
 32599 | Orc:2    | Bought a ration for 55 gold pieces
 32599 | Orc:2    | Bought a ration for 55 gold pieces
 32599 | Orc:2    | Bought a ration for 55 gold pieces
 32599 | Orc:2    | Bought a ration for 55 gold pieces
 32599 | Orc:2    | Bought a ration for 55 gold pieces
 32599 | Orc:2    | Bought a ration for 55 gold pieces
 32599 | Orc:2    | Bought a ration for 55 gold pieces
 32738 | Orc:2    | Found Focy's Armour Shop.
 32738 | Orc:2    | Found Zusoenu's Assorted Antiques.
 32752 | Orc:2    | Bought an ichor-stained chain mail for 247 gold pieces
 32752 | Orc:2    | Bought an ancient broad axe for 234 gold pieces
 32762 | Orc:2    | Identified the +8 chain mail of Yfada {Dex+3} (You bought
                  | it in a shop on level 2 of the Orcish Mines)
 32778 | Orc:2    | Identified the +10 broad axe "Cotips" {drain, *Contam
                  | Dex+5} (You bought it in a shop on level 2 of the Orcish
                  | Mines)
 32813 | Orc:2    | Gained mutation: Scrolls take you a little longer to read.
                  | [mutagenic glow]
 32929 | Orc:2    | Found a staircase to the Elven Halls.
 33233 | Lair:5   | Killed Rupert
 34488 | Lair:6   | Entered Level 6 of the Lair of Beasts
 34790 | Lair:6   | Found a staircase to the Slime Pits.
 34790 | Lair:6   | Found a viscous altar of Jiyva.
 36327 | Lair:6   | Reached skill level 10 in Fire Magic
 36349 | Lair:6   | Got a faintly glowing scale mail
 36360 | Lair:6   | Identified the +2 scale mail "Earthly Heaven" {rN+} (You
                  | found it on level 6 of the Lair of Beasts)
 36689 | Orc:1    | Bought an uncursed ring of poison resistance for 320 gold
                  | pieces
 36856 | Snake:1  | Entered Level 1 of the Snake Pit
 36892 | Snake:1  | Reached XP level 16. HP: 92/92 MP: 38/38
 38196 | Snake:2  | Found Atagh's Antique Weapon Emporium.
 38719 | Snake:2  | Found Conyiso's Magic Scroll Shoppe.
 38918 | Snake:2  | Reached skill level 5 in Shields
 40277 | Snake:3  | Reached skill level 15 in Dodging
 41085 | Snake:4  | Entered Level 4 of the Snake Pit
 41440 | Snake:4  | Reached skill level 10 in Earth Magic
 41741 | Snake:4  | Reached XP level 17. HP: 97/97 MP: 39/39
 42675 | Snake:4  | Got a serpentine rune of Zot
 43052 | Shoals:1 | Entered Level 1 of the Shoals
 43228 | Shoals:1 | Found a frozen archway.
 43242 | IceCv    | Entered an ice cave
 44830 | Shoals:1 | Lost mutation: Scrolls take you a little longer to read.
                  | [potion of mutation]
 44830 | Shoals:1 | Gained mutation: You occasionally shout uncontrollably at
                  | your foes. [potion of mutation]
 44830 | Shoals:1 | Gained mutation: You are dopey. (Int -2) [potion of
                  | mutation]
 44830 | Shoals:1 | Gained mutation: You have large cloven feet. [potion of
                  | mutation]
 44831 | Shoals:1 | Lost mutation: You have large cloven feet. [potion of
                  | mutation]
 44831 | Shoals:1 | Lost mutation: You are dopey. (Int -2) [potion of mutation]
 44831 | Shoals:1 | Gained mutation: You are agile. (Dex +2) [potion of
                  | mutation]
 44831 | Shoals:1 | Gained mutation: You can translocate small distances at
                  | will. [potion of mutation]
 44832 | Shoals:1 | Lost mutation: You can translocate small distances at will.
                  | [potion of mutation]
 44832 | Shoals:1 | Lost mutation: You occasionally shout uncontrollably at
                  | your foes. [potion of mutation]
 44832 | Shoals:1 | Gained mutation: Your magical capacity is low. (-10% MP)
                  | [potion of mutation]
 44832 | Shoals:1 | Gained mutation: Your movements are slightly less
                  | encumbered by armour. (ER -2) [potion of mutation]
 44832 | Shoals:1 | Gained mutation: Your muscles are strong. (Str +2) [potion
                  | of mutation]
 44832 | Shoals:1 | Gained mutation: Your mind is acute. (Int +2) [potion of
                  | mutation]
 44999 | Shoals:2 | Noticed Polyphemus
 45169 | Shoals:1 | Bought a ration for 65 gold pieces
 45169 | Shoals:1 | Bought a ration for 65 gold pieces
 45169 | Shoals:1 | Bought a ration for 65 gold pieces
 45169 | Shoals:1 | Bought a ration for 65 gold pieces
 45169 | Shoals:1 | Bought a ration for 65 gold pieces
 45169 | Shoals:1 | Bought a ration for 65 gold pieces
 45169 | Shoals:1 | Bought a ration for 65 gold pieces
 45169 | Shoals:1 | Bought a ration for 65 gold pieces
 45169 | Shoals:1 | Bought a ration for 65 gold pieces
 45169 | Shoals:1 | Bought a ration for 65 gold pieces
 45169 | Shoals:1 | Bought a ration for 65 gold pieces
 45602 | Shoals:2 | Found Udedaha's Armour Emporium.
 45753 | Shoals:2 | Killed Polyphemus
 46418 | Shoals:3 | Reached XP level 18. HP: 103/103 MP: 28/37
 47288 | Shoals:4 | Entered Level 4 of the Shoals
 47820 | Shoals:4 | Got a barnacled rune of Zot
 48063 | Shoals:4 | Learned a level 2 spell: Swiftness
 48294 | Shoals:4 | Identified Soyfox's Lost Secrets of Secret Knowledge
 49366 | D:10     | Bought the ring "Saicapeu" {rElec rPois rCorr Dex+2} for
                  | 551 gold pieces
 49374 | D:10     | Upgraded the game from 0.25-a0-667-gb977e01cb5 to
                  | 0.25-a0-668-gea548f19b6
 49474 | Depths:1 | Entered Level 1 of the Depths
 50088 | D:15     | Reached skill level 1 in Evocations
 50190 | Depths:1 | Noticed a pearl dragon
 50286 | Depths:1 | Killed a pearl dragon
 50420 | Depths:1 | Noticed a lich
 50426 | Depths:1 | Killed a lich
 50426 | Depths:1 | Reached skill level 10 in Shields
 50540 | Depths:1 | Reached XP level 19. HP: 90/110 MP: 20/38
 50783 | Depths:1 | Noticed the Enchantress
 50972 | D:15     | Learned a level 6 spell: Shadow Creatures
 51151 | Elf:1    | Entered Level 1 of the Elven Halls
 51168 | Elf:1    | Reached skill level 1 in Summonings
 52344 | Elf:1    | Identified the Reference Book on Ignition
 52720 | Elf:1    | HP: 3/110 [eldritch tentacle (21)]
 52720 | Elf:1    | Slain by an eldritch tentacle

Levels and vault maps discovered:
D:1:      lightli_arrival_boilingwater, layout_loops_ring
D:2:      layout_basic, uniq_robin
D:3:      layout_rooms, saegor_snake_ambush
D:4:      layout_gridville, minmay_misc_feat_more_columns, uniq_duvessa
D:5:      layout_cave_pools, kennysheep_vampire_church,
          minmay_temple_entry_glassed_door, first_ration
D:6:      layout_rooms, minmay_hollow_rounded_squares
D:7:      layout_cave_pods, basic_altar
D:8:      layout_loops_ring
D:9:      layout_basic, uniq_prince_ribbit1
D:10:     layout_irregular_city, david_lair_shrubbed, serial_shops,
          nicolae_shop_stone, uniq_erolcha
D:11:     layout_cave_pods, orc_david_3, serial_shops, nicolae_shop_statue_plus,
          hangedman_pestilent_swarm, uniq_erica, uniq_snorg, uniq_sonja
D:12:     layout_irregular_city
D:13:     minmay_elf_outpost, layout_small_grid, serial_shops,
          nicolae_shop_waterfront, corexii_hall_statues_i, uniq_jorgrun,
          uniq_kirke
D:14:     layout_long_grid, david_vaults_2, minmay_misc_feat_secret_circle,
          lemuel_mausoleum_altar_kikubaaqudgha
D:15:     hangedman_depths_entry_try_elsewhere_first, layout_gridville,
          minmay_gold_behind_fungi
Temple:   dpeg_three_leaves_temple
Lair:1:   layout_regular_city, minmay_lair_oklob_items, lemuel_fruit_tree
Lair:2:   layout_small_grid, st_stairs_8, lemuel_centaur_altar,
          grunt_megastairs_2, infiniplex_staircase_pool_2
Lair:3:   layout_gridlike, minmay_shoals_entry_lonely_mermaid,
          guppyfry_snake_entry_garden, zaba_anthell, serial_bayou_shore_b
Lair:4:   beast_lair_carwin_large_1, layout_regular_city, serial_bayou_shore_a
Lair:5:   layout_regular_city, serial_bayou_pond_c, beast_lair_carwin_3,
          grunt_megastairs_3, minmay_lair_oklob_chamber, uniq_rupert
Lair:6:   due_jungle_book, layout_loops_ring, slime_altar_1, minivault_27,
          wad_woods_02
Shoals:1: layout_shoals, portal_ice_cave_entry_dragon
Shoals:2: layout_shoals, serial_shops, nicolae_shop_stone, uniq_polyphemus
Shoals:3: layout_shoals
Shoals:4: shoals_end_hangedman, layout_shoals
Snake:1:  layout_honeycomb
Snake:2:  layout_misc_corridors, st_stairs_4, minmay_shoptagon
Snake:3:  layout_chambers
Snake:4:  snake_pit, layout_rooms
Orc:1:    layout_caves, serial_shops, shop, shop, shop, shop,
          nicolae_shop_overgrown_old_shop, gammafunk_ghost_grave, basic_altar
Orc:2:    st_orc_town, layout_caves, serial_shops, shop, basic_altar
Elf:1:    minmay_elf_arrival_summoners, layout_loops_ring,
          serial_hangedman_research, hangedman_research_thanatology,
          hangedman_research_convocations, hangedman_research_geology,
          hangedman_research_quantum, hangedman_research_pyrotechnics,
          portal_desolation_entry_nicolae_nacl, minivault_28
Depths:1: layout_roguey, grunt_hell_entry_dis_grunt, dk_noncrumbling_4,
          mu_enter_wizlab_2, ebering_ghost_xom, hallowed_hall, uniq_enchantress

Skill      XL: |  1  2  3  4  5  6  7  8  9 10 11 12 13 14 15 16 17 18 19 |
---------------+----------------------------------------------------------+-----
Dodging        | 3 4 5 7 9 11 12 13 14 15 16 17 | 17.2
Spellcasting   | 4 5 7 9 10 13 15 16 17 | 17.3
Shields        | 1 2 3 4 6 8 10 11 | 11.1
Hexes          | 1 3 4 |  4.0
Translocations | 1 2 3 4 |  4.1
Fighting       | 1 3 4 6 7 8 9 |  9.2
Conjurations   | 5 7 9 10 12 13 14 | 14.1
Fire Magic     | 4 7 10 11 13 | 13.9
Charms         | 3 7 11 | 11.0
Air Magic      | 2 5 7 |  7.9
Earth Magic    | 4 7 10 11 12 | 12.7
Evocations     | 2 3 |  3.3
Summonings     | 4 |  4.1
Stealth        | |  2.4

Action                   |  1- 3 |  4- 6 |  7- 9 | 10-12 | 13-15 | 16-18 | 19-21 || total
-------------------------+-------+-------+-------+-------+-------+-------+-------++-------
Melee: Unarmed           |     1 |       |       |       |       |       |       ||     1
       Dagger            |     4 |     7 |    48 |       |       |       |       ||    59
       Staff             |       |       |     2 |     6 |    41 |     6 |     7 ||    62
       War axe           |       |       |       |       |     1 |       |       ||     1
 Cast: Magic Dart        |    65 |    41 |    82 |   167 |   323 |    73 |    57 ||   808
       Searing Ray       |     9 |    25 |    87 |   181 |   189 |    34 |    40 ||   565
       Blink             |       |       |       |     5 |     4 |    13 |       ||    22
       Fireball          |       |       |       |    22 |   227 |   468 |    19 ||   736
       Fulminant Prism   |       |       |       |    15 |       |    11 |       ||    26
       Iskenderun's Myst |       |       |       |    22 |    75 |   115 |    11 ||   223
       Summon Butterflie |       |       |       |    12 |     4 |       |       ||    16
       Iskenderun's Batt |       |       |       |     4 |    15 |       |    10 ||    29
       Orb of Destructio |       |       |       |       |    64 |    21 |       ||    85
       Iron Shot         |       |       |       |       |    68 |   120 |    62 ||   250
       Deflect Missiles  |       |       |       |       |     2 |    10 |     2 ||    14
       Swiftness         |       |       |       |       |       |     2 |     1 ||     3
Invok: Call Merchant     |       |       |       |       |     3 |     3 |       ||     6
       Potion Petition   |       |       |       |       |     1 |       |       ||     1
Evoke: Wand              |       |       |       |       |     4 |       |       ||     4
  Use: Scroll            |       |       |     5 |    11 |    13 |    11 |     1 ||    41
       Potion            |       |       |       |     4 |     3 |     7 |     1 ||    15
  Eat: Chunk             |     3 |     7 |     1 |       |       |       |       ||    11
       Ration            |       |       |     4 |    12 |    23 |    15 |     3 ||    57
Armor: Robe              |     3 |     2 |       |       |    35 |    16 |    18 ||    74
       Leather armour    |       |       |    74 |    51 |    26 |       |       ||   151
Dodge: Dodged            |    32 |    19 |   192 |   245 |   372 |   312 |   129 ||  1301
       Deflected         |       |       |       |       |    24 |   107 |    11 ||   142
Block: Buckler           |     2 |     5 |    57 |    83 |   133 |   113 |       ||   393
       Kite shield       |       |       |       |       |       |    32 |    92 ||   124

Table legend:
 A = Non-vault XP
 B = Vault XP
 C = Vault XP percentage of total XP
 D = Non-vault monster count
 E = Vault monster count
 F = Vault count percentage of total count
                 A         B        C        D         E       F
            +---------+---------+-------+---------+---------+-------
      Total |  267211 |  147841 |  35.6 |     901 |     399 |  30.7
            +---------+---------+-------+---------+---------+-------
        D:1 |      44 |       0 |   0.0 |      24 |       0 |   0.0
        D:2 |      40 |      33 |  45.2 |      14 |      10 |  41.7
        D:3 |     120 |      13 |   9.8 |      26 |       1 |   3.7
        D:4 |      19 |     220 |  92.1 |       6 |       2 |  25.0
        D:5 |     569 |      69 |  10.8 |      17 |       7 |  29.2
        D:6 |     857 |     453 |  34.6 |      30 |       8 |  21.1
        D:7 |    1226 |       0 |   0.0 |      25 |       0 |   0.0
        D:8 |    1427 |       0 |   0.0 |      24 |       0 |   0.0
        D:9 |     832 |     255 |  23.5 |      15 |       1 |   6.2
       D:10 |    5148 |    1323 |  20.4 |      45 |       2 |   4.3
       D:11 |    5465 |    3580 |  39.6 |      47 |      12 |  20.3
       D:12 |   12643 |       0 |   0.0 |      59 |       0 |   0.0
       D:13 |    6009 |   17909 |  74.9 |      25 |      28 |  52.8
       D:14 |   11509 |    2821 |  19.7 |      24 |      15 |  38.5
       D:15 |   15070 |    2035 |  11.9 |      38 |       4 |   9.5
     Lair:1 |    3459 |       0 |   0.0 |      12 |       0 |   0.0
     Lair:2 |    3583 |    1294 |  26.5 |      10 |      11 |  52.4
     Lair:3 |    2407 |    4743 |  66.3 |      13 |      43 |  76.8
     Lair:4 |    2505 |    2506 |  50.0 |      13 |       9 |  40.9
     Lair:5 |    4386 |    8604 |  66.2 |      16 |      21 |  56.8
     Lair:6 |   10359 |    3563 |  25.6 |      30 |       8 |  21.1
   Shoals:1 |   11987 |     989 |   7.6 |      23 |       1 |   4.2
   Shoals:2 |   12498 |    5900 |  32.1 |      24 |       5 |  17.2
   Shoals:3 |   15498 |       0 |   0.0 |      36 |       0 |   0.0
   Shoals:4 |   16144 |   23568 |  59.3 |      32 |      33 |  50.8
    Snake:1 |    7870 |       0 |   0.0 |      15 |       0 |   0.0
    Snake:2 |   21955 |    1098 |   4.8 |      45 |       3 |   6.2
    Snake:3 |   20798 |       0 |   0.0 |      34 |       0 |   0.0
    Snake:4 |   13449 |   33592 |  71.4 |      25 |      47 |  65.3
      Orc:1 |    7377 |     565 |   7.1 |      52 |       1 |   1.9
      Orc:2 |    8763 |    5753 |  39.6 |      44 |      58 |  56.9
      Elf:1 |   13446 |   14924 |  52.6 |      22 |      38 |  63.3
   Depths:1 |   29749 |    6067 |  16.9 |      36 |       4 |  10.0
      IceCv |       0 |    5964 | 100.0 |       0 |      27 | 100.0
            +---------+---------+-------+---------+---------+-------
